 Dungeon Crawl Stone Soup version 0.30.0-30-g96aa6591b8 (webtiles) character file.

Game seed: 14135366219861996775

8696 Fodor the Cruncher (level 11, -7/96 (99) HPs)
             Began as a Minotaur Fighter on June 29, 2023.
             Was an Initiate of Gozag.
             Killed from afar by an electric eel (9 damage)
             ... with a bolt of electricity
             ... on level 9 of the Dungeon.
             The game lasted 01:00:37 (9728 turns).

Fodor the Cruncher (Minotaur Fighter)               Turns: 9728, Time: 01:00:38

HP:   -7/96 (99)    AC: 15    Str: 24    XL:     11   Next: 13%
MP:   10/10         EV: 12    Int:  4    God:    Gozag
Gold: 578           SH:  0    Dex: 14    Spells: 10/10 levels left

rFire   + + .        M - +0 shortbow
rCold   . . .        (shield currently unavailable)
rNeg    . . .        q - +2 fire dragon scales
rPois   .            (helmet restricted)
rElec   .            (no cloak)
rCorr   .            s - +0 pair of gloves
SInv    .            (no boots)
Will    .....        (no amulet) Stlth
                     B - ring of protection from cold
HPRegen 0.36/turn    (no ring)
MPRegen 0.12/turn

%: no passive effects
@: brilliant, gold aura, lightly drained
A: horns 2, retaliatory headbutt, agile 1
a: Renounce Religion, Potion Petition, Call Merchant, Bribe Branch


You were on level 9 of the Dungeon.
You worshipped Gozag.
Gozag was pleased with you.
You visited 2 branches of the dungeon, and saw 10 of its levels.
You also visited: Sewer and Ossuary.

You collected 1580 gold pieces.
You spent 843 gold pieces at shops.
You paid 159 gold pieces to Gozag.

Inventory:

Hand Weapons
 t - a +5 morningstar
 w - the +10 quarterstaff "Somadoum" {speed, Will- Str+5}
   (You found it on level 5 of the Dungeon)

   Str:       It affects your strength (+5).
   Will:      It decreases your willpower.
 E - a +2 heavy flail
 M - a +0 shortbow (weapon)
Missiles
 j - 25 poisoned darts
 v - 3 boomerangs
 A - 2 throwing nets
 G - 12 curare-tipped darts
Armour
 c - a +0 buckler
 q - +2 fire dragon scales (worn)
 s - a +0 pair of gloves (worn)
Jewellery
 B - a ring of protection from cold (left hand)
 K - a ring of see invisible
 L - an amulet of magic regeneration
Wands
 r - a wand of polymorph (2)
 u - a wand of flame (4)
Scrolls
 b - a scroll of magic mapping
 d - a scroll of identify
 e - 6 scrolls of teleportation
 l - a scroll of acquirement
 m - 2 scrolls of vulnerability
 n - a scroll of immolation
 o - a scroll of noise
 p - 2 scrolls of fear
 y - a scroll of summoning
 C - 2 scrolls of poison
 D - a scroll of fog {unknown}
 H - 3 scrolls of torment {unknown}
 I - a scroll of enchant weapon {unknown}
 J - a scroll of amnesia
Potions
 f - a potion of might
 h - 2 potions of attraction
 i - 4 potions of brilliance
 x - a potion of magic
Miscellaneous
 z - a phial of floods


   Skills:
 + Level 10.1 Fighting
 + Level 3.4(4.9) Short Blades
 + Level 5.9(6.4) Long Blades
 + Level 12.0 Staves
 + Level 0.6 Throwing
 + Level 10.1 Armour
 + Level 5.0 Dodging
 + Level 2.0 Stealth
 + Level 5.6 Shields


You had 10 spell levels left.
You didn't know any spells.
Your spell library contained the following spells:

 Spells                   Type           Power      Damage    Failure   Level
 Magic Dart               Conj           0%         1d3       80%         1
 Call Imp                 Summ           0%         N/A       91%         2
 Gell's Gravitas          Tloc           0%         N/A       99%         3
 Ignite Poison            Fire/Tmut/Pois 0%         N/A       99%         3
 Mephitic Cloud           Conj/Pois/Air  0%         N/A       99%         3
 Teleport Other           Tloc           0%         N/A       99%         3
 Volatile Blastmotes      Fire/Tloc      0%         2d10      99%         3
 Fulminant Prism          Conj/Hex       0%         3d5       100%        4
 Iskenderun's Mystic Bla  Conj/Tloc      0%         2d3       100%        4
 Sticky Flame             Conj/Fire      0%         2d3       100%        4
 Iskenderun's Battlesphe  Conj           0%         2d6       100%        5
 Lee's Rapid Deconstruct  Erth           0%         3d4*      100%        5
 Dispersal                Tloc           0%         N/A       100%        6
 Iron Shot                Conj/Erth      0%         9d1       100%        6
 Spellforged Servitor     Conj/Summ      0%         N/A       100%        7
 Ignition                 Fire           0%         3d3       100%        8


Dungeon Overview and Level Annotations

Branches:
Dungeon (9/15)             Temple (1/1) D:5           Sewer (visited)
Ossuary (visited)
   Lair: D:8-11         Orc: D:9-12

Altars:
Ashenzari
Cheibriados
Dithmenos
Elyvilon
Fedhas
Gozag
Hepliaklqana
Kikubaaqudgha
Makhleb
Nemelex Xobeh
Okawaru
Qazlal
Ru
Sif Muna
Trog
Uskayaw
Vehumet
Wu Jian
Xom
Yredelemnul
Zin
The Shining One

Shops:
D:3 =   D:6 ??(   D:9 (

Annotations:
D:9 1 transporter


Innate Abilities, Weirdness & Mutations

You have a pair of horns on your head.
You reflexively headbutt those who attack you in melee.
You are agile. (Dex +4, Str/Int -1)


Message History

You feel better.
The electric eel shoots out a bolt of lightning at you!
The bolt of electricity hits you. x2
You feel better.
The electric eel shoots out a bolt of lightning at you!
The bolt of electricity hits you. x2
Blink to where?
Press: ? - help, Dir - move target, p - electric eel There's something in the way.
Okay, then.
The electric eel shoots out a bolt of lightning at you!
The bolt of electricity hits you!
* * * LOW HITPOINT WARNING * * *
You kill the electric eel!
You hear a splash.
Blink to where?
Press: ? - help, Dir - move target, f - you
Okay, then.
Blink to where?
Press: ? - help, Dir - move target, f - you
As you read the scroll of blinking, it crumbles to dust.
The electric eel shoots out a bolt of lightning at you!
The bolt of electricity hits you.
* * * LOW HITPOINT WARNING * * *
The electric eel shoots out a bolt of lightning at you!
The bolt of electricity hits the electric eel.
The electric eel completely resists.
The bolt of electricity misses you.
The electric eel shoots out a bolt of lightning at you!
The bolt of electricity hits you!
* * * LOW HITPOINT WARNING * * *
You open the door.
The electric eel shoots out a bolt of lightning at you!
The bolt of electricity hits you!
* * * LOW HITPOINT WARNING * * *
The bolt of electricity hits you!
* * * LOW HITPOINT WARNING * * *
The electric eel shoots out a bolt of lightning at you!
The bolt of electricity hits you!
You die...
Your body crumbles into a pile of gold.

.###.....###.........#...#.......
.##.##.###...........#####.......
.......# #.......................
###.#### #.....................##
#)# #.....................#.
#)######..###############....#)
#)........#8P#~~~~~~$#P8#....[)
#)........#..#.......#..#....#.
#........©#©$'@..♣...'.©#©...#.
####.)....#..#.......#..#....#.
#......#8P#~~~~~SS#~8#....##
#......###############......
#...........................
#...........................
###...........................
#.......########.##########...
#.......#......#.#........#..#


You could see 2 electric eels.

Vanquished Creatures
  A two-headed ogre (D:9)
  The ghost of Mig the Grappler, a novice TrMo of Makhleb (D:7)
  A cyclops (D:8)
  The ghost of nroviw the Firebug, a novice DsFE (D:6)
  Joseph (D:9)
  Psyche (D:9)
  A spectral unseen horror (D:6)
  An unseen horror zombie (D:6)
  An unseen horror skeleton (D:6)
  A wyvern (D:8)
  3 vampire mosquitoes (D:9)
  The ghost of Urgle the Chopper, an amateur DsFi (D:4)
  2 steam dragons (D:8)
  2 water moccasins
  An orc warrior (D:9)
  2 ice beasts
  2 sky beasts
  4 ogres
  2 centaurs (D:9)
  2 bullfrogs
  3 kobold brigands
  Blork the orc (D:4)
  2 elf zombies (Ossuary)
  A scorpion (D:4)
  A wyvern zombie (D:6)
  14 wights
  16 killer bees
  An electric eel (D:9)
  3 howler monkeys
  2 human zombies (Ossuary)
  2 centaur zombies (Ossuary)
  A gnoll bouda (D:5)
  5 hounds
  7 orc priests
  Terence (D:2)
  3 iguanas
  3 orc wizards (D:6)
  A spectral howler monkey (D:6)
  4 mummies
  12 gnolls
  A howler monkey skeleton (D:6)
  9 adders
  A shadow imp (D:6)
  2 adder zombies (Ossuary)
  A worm (D:4)
  6 dart slugs
  27 orcs
  6 bats
  5 endoplasms
  2 giant cockroaches
  3 goblins
  4 hobgoblins
  A jackal (Sewer)
  25 kobolds
  10 quokkas
  5 ball pythons
  4 frilled lizards
  A goblin zombie (Ossuary)
  10 hobgoblin zombies (Ossuary)
  A jackal zombie (Ossuary)
  8 kobold zombies (Ossuary)
  8 orc zombies (Ossuary)
  6 rats
  A rat zombie (Ossuary)
261 creatures vanquished.

Notes
Turn   | Place    | Note
-------+----------+-------------------------------------------
     0 | D:1      | Fodor the Minotaur Fighter began the quest for the Orb.
     0 | D:1      | Reached XP level 1. HP: 19/19 MP: 0/0
    62 | D:1      | Reached XP level 2. HP: 16/27 MP: 1/1
   476 | D:1      | Reached XP level 3. HP: 33/33 MP: 2/2
  1035 | D:2      | Noticed Terence
  1050 | D:2      | Killed Terence
  1185 | D:2      | Reached XP level 4. HP: 40/40 MP: 3/3
  1200 | D:2      | Reached skill level 1 in Dodging
  1502 | D:2      | Found a blossoming altar of Fedhas.
  1516 | D:2      | Identified the +5 short sword "Viepoig" {heavy, rF+ Str+5}
  1623 | D:3      | Found Huikk's One-of-a-Kind Rings.
  2110 | D:3      | Reached XP level 5. HP: 46/46 MP: 4/4
  2410 | D:4      | Noticed Blork the orc
  2426 | D:4      | Killed Blork the orc
  2427 | D:4      | Reached skill level 5 in Armour
  2557 | D:4      | Found a runed translucent door.
  2557 | D:4      | Noticed Urgle's ghost (amateur DsFi)
  2576 | D:4      | Gained mutation: You are agile. (Dex +4, Str/Int -1)
                  | [potion of mutation]
  2577 | D:4      | HP: 2/47 [Urgle's ghost (7)]
  2585 | D:4      | Killed Urgle's ghost
  2586 | D:4      | Reached skill level 1 in Short Blades
  2586 | D:4      | Reached skill level 5 in Long Blades
  2586 | D:4      | Reached XP level 6. HP: 5/53 MP: 5/5
  3135 | D:4      | Reached XP level 7. HP: 49/60 MP: 6/6
  3215 | D:4      | Identified the +0 leather armour of Nomm {Slay+3}
  3283 | D:5      | Entered Level 5 of the Dungeon
  3293 | D:5      | Reached skill level 5 in Shields
  3642 | D:5      | Reached skill level 5 in Fighting
  3848 | D:5      | Found a staircase to the Ecumenical Temple.
  4021 | Temple   | Entered the Ecumenical Temple
  4245 | D:5      | Identified the +10 quarterstaff "Somadoum" {speed, Will-
                  | Str+5}
  4443 | D:6      | Found a shimmering blue altar of Sif Muna.
  4603 | D:6      | Found a glowing drain.
  4607 | Sewer    | Entered a sewer
  4678 | Sewer    | Reached skill level 1 in Staves
  4678 | Sewer    | Reached XP level 8. HP: 60/68 MP: 7/7
  4838 | D:6      | Found a stormy altar of Qazlal.
  4838 | D:6      | Found a sacrificial altar of Ru.
  4890 | D:6      | Found a broken altar of Ashenzari.
  4956 | D:6      | Found Avok's Magic Scroll Emporium.
  4964 | D:6      | Bought a scroll of teleportation for 45 gold pieces
  4964 | D:6      | Bought a scroll of identify for 30 gold pieces
  4964 | D:6      | Bought a scroll of enchant armour for 112 gold pieces
  4964 | D:6      | Bought a scroll of identify for 30 gold pieces
  4964 | D:6      | Bought a scroll of enchant armour for 112 gold pieces
  4970 | D:6      | Reached skill level 2 in Staves
  4976 | D:6      | Found a runed translucent gate.
  4976 | D:6      | Found a runed translucent gate.
  4976 | D:6      | Found a runed translucent gate.
  4976 | D:6      | Noticed a spectral unseen horror
  4976 | D:6      | Noticed nroviw's ghost (novice DsFE)
  5048 | D:6      | Reached skill level 3 in Staves
  5128 | D:6      | Reached skill level 1 in Stealth
  5181 | D:6      | Found an opulent altar of Gozag.
  5195 | D:6      | Became a worshipper of Gozag Ym Sagoz the Greedy
  5224 | D:6      | Found Xoemuil's Weapon Shop.
  5251 | D:6      | Reached skill level 4 in Staves
  5354 | D:6      | Found Amuir's Magic Scroll Shoppe.
  5365 | D:6      | Bought a scroll of identify for 24 gold pieces
  5414 | D:6      | Found a sparkling altar of Nemelex Xobeh.
  5488 | D:6      | Identified a scroll of acquirement
  5499 | D:6      | Killed a spectral unseen horror
  5500 | D:6      | Reached skill level 5 in Staves
  5500 | D:6      | Reached XP level 9. HP: 70/75 MP: 8/8
  5502 | D:6      | Killed nroviw's ghost
  5503 | D:6      | Reached skill level 6 in Staves
  5508 | D:6      | Reached skill level 7 in Staves
  5610 | D:7      | Reached skill level 8 in Staves
  5660 | D:7      | Found a runed translucent gate.
  5660 | D:7      | Found a runed translucent gate.
  5660 | D:7      | Found a runed translucent gate.
  5661 | D:7      | Noticed Mig's ghost (novice TrMo)
  5748 | D:7      | Found a sand-covered staircase.
  5757 | Ossuary  | Entered an ossuary
  5991 | Ossuary  | Reached skill level 9 in Staves
  6141 | D:7      | Found a white marble altar of Elyvilon.
  6215 | D:7      | Found a basalt altar of Yredelemnul.
  6246 | D:7      | Reached XP level 10. HP: 81/88 MP: 9/9
  6589 | D:7      | Killed Mig's ghost
  6838 | D:6      | Bought a scroll of poison for 48 gold pieces
  6849 | D:6      | Bought the +3 war axe of the Two Names {venom, MP-9 Str+6
                  | Int-4 SInv} for 268 gold pieces
  6915 | D:6      | Bought a scroll of blinking for 90 gold pieces
  6915 | D:6      | Bought a scroll of amnesia for 48 gold pieces
  6915 | D:6      | Bought a scroll of teleportation for 36 gold pieces
  7159 | D:8      | Reached skill level 10 in Staves
  7824 | D:8      | Noticed a cyclops
  7836 | D:8      | Killed a cyclops
  7995 | D:8      | Reached skill level 11 in Staves
  8652 | D:9      | Noticed Psyche
  8661 | D:9      | Killed Psyche
  8671 | D:9      | Noticed a two-headed ogre
  8679 | D:9      | Killed a two-headed ogre
  8870 | D:9      | Noticed Joseph
  8880 | D:9      | Killed Joseph
  8925 | D:9      | Reached XP level 11. HP: 75/99 MP: 10/10
  9141 | D:9      | Found a snail-covered altar of Cheibriados.
  9173 | D:9      | Reached skill level 10 in Armour
  9176 | D:9      | Reached skill level 5 in Dodging
  9203 | D:9      | Found a transporter.
  9346 | D:9      | Reached skill level 10 in Fighting
  9346 | D:9      | Reached skill level 12 in Staves
  9478 | D:9      | Found Pico's Antique Weapon Shoppe.
  9567 | D:9      | Found a transporter.
  9728 | D:9      | HP: 2/96 [electric eel/bolt of electricity (7)]
  9728 | D:9      | Killed from afar by an electric eel

Illustrated notes

Levels and vault maps discovered:
D:1:      mushboom_english_gardens, layout_basic
D:2:      layout_basic, basic_altar, minmay_circled_x, uniq_terence
D:3:      layout_loops_ring, nicolae_shop_unique_rings
D:4:      layout_rooms, gammafunk_ghost_grave, uniq_blork_the_orc
D:5:      layout_cave_pods, minmay_temple_entry_sparse_star
D:6:      layout_rooms, nemelex_dance_club_becter,
          nicolae_sif_muna_condensation,
          chequers_temple_overflow_statue_of_worship, ashenzari_altar_1,
          grunt_gozag_breadcrumbs, serial_shops,
          nicolae_shop_bloodbath_and_beyond, nicolae_shop_crystal,
          nicolae_diamond_shop, gup_sewer_entry_spiral,
          gammafunk_ghost_necromancy, amethyst_killhole, grunt_ministairs_12
D:7:      layout_rooms, kennysheep_ying_yang, ebering_ghost_rock_garden,
          gup_ossuary_entry_pyramid
D:8:      layout_basic
D:9:      gammafunk_steamed_eel, layout_irregular_city, slow_altar_1,
          serial_shops, shop, uniq_joseph, uniq_psyche
Temple:   cyrus_circular_temple

Skill      XL: |  1  2  3  4  5  6  7  8  9 10 11 |
---------------+----------------------------------+-----
Shields        | 4 5 |  5.6
Fighting       | 4 5 6 7 9 10 | 10.1
Armour         | 4 5 6 7 8 9 10 | 10.1
Long Blades    | 3 4 5 |  5.9
Dodging        | 1 2 3 4 5 |  5.0
Short Blades   | 1 2 3 |  3.4
Staves         | 1 5 9 11 12 | 12.0
Stealth        | 1 2 |  2.0
Throwing       | |  0.6

Action                     |  1- 3 |  4- 6 |  7- 9 | 10-12 || total
---------------------------+-------+-------+-------+-------++-------
  Melee: Long sword        |    85 |    16 |       |       ||   101
         Headbutt          |    10 |    14 |    38 |    31 ||    93
         Short sword       |       |    89 |    25 |       ||   114
         Scimitar          |       |       |    49 |       ||    49
         Quarterstaff      |       |       |   218 |   161 ||   379
   Fire: Shortbow          |       |       |       |     3 ||     3
  Throw: Dart              |       |       |     3 |     5 ||     8
    Use: Potion            |       |     4 |     1 |     7 ||    12
         Scroll            |       |       |    10 |     6 ||    16
   Stab: Distracted        |       |     1 |     1 |       ||     2
 Armour: Scale mail        |    34 |       |       |       ||    34
         Chain mail        |    18 |    53 |     1 |       ||    72
         Fire dragon scale |       |       |   168 |    80 ||   248
  Dodge: Dodged            |    40 |    38 |   173 |   106 ||   357
  Block: Buckler           |    27 |    26 |    28 |       ||    81
